 Dungeon Crawl Stone Soup version 0.30.0-29-ga12c61a403 (webtiles) character file.

Game seed: 7447988177447193695

1822 monsoonserge the Cudgeller (level 8, -1/76 (79) HPs)
             Began as a Troll Berserker on June 4, 2023.
             Was an Elder of Trog.
             Slain by a wight
             ... wielding a +0 scimitar
              (9 damage)
             ... on level 6 of the Dungeon.
             The game lasted 00:12:50 (4724 turns).

monsoonserge the Cudgeller (Troll Berserker)        Turns: 4724, Time: 00:12:50

HP:   -1/76 (79)    AC:  4    Str: 28    XL:     8   Next: 85%
MP:   7/7           EV: 10    Int:  3    God:    Trog [****..]
Gold: 101           SH:  0    Dex:  9    Spells: 7/7 levels left

rFire   . . .        A - +2 war axe (heavy)
rCold   . . .        n - orb {light}
rNeg    . . .        b - +0 animal skin
rPois   .            (helmet restricted)
rElec   .            (no cloak)
rCorr   +            (gloves unavailable)
SInv    .            (boots unavailable)
Will    +....        p - amulet of faith
Stlth   +            h - ring of resist corrosion
HPRegen 1.12/turn    y - ring of willpower
MPRegen 0.10/turn

%: faith
@: glowing, lightly drained
A: large, unfitting armour, claws 3, regeneration 1, shaggy fur 1, tough skin 1
a: Renounce Religion, Berserk, Trog's Hand, Brothers in Arms


You were on level 6 of the Dungeon.
You worshipped Trog.
Trog was greatly pleased with you.
You visited 2 branches of the dungeon, and saw 7 of its levels.
You also visited: Sewer.

You collected 308 gold pieces.
You spent 207 gold pieces at shops.

Inventory:

Hand Weapons
 t - a +0 flail of protection
 A - a +2 heavy war axe (weapon)
 B - a +2 scythe of draining
Missiles
 l - 2 poisoned darts (quivered)
 x - 2 throwing nets
Armour
 b - a +0 animal skin (worn)
 n - an orb of light (worn)
Jewellery
 h - a ring of resist corrosion (left claw)
 p - an amulet of faith (around neck)
 y - a ring of willpower (right claw)
Wands
 o - a wand of charming (5)
Scrolls
 d - a scroll of vulnerability {unknown}
 e - 10 scrolls of identify {unknown}
 g - 4 scrolls of teleportation
 j - 5 scrolls of fear
 m - 2 scrolls of enchant armour {unknown}
 s - 2 scrolls of blinking {unknown}
 v - a scroll of amnesia {unknown}
 w - a scroll of torment {unknown}
Potions
 a - a potion of flight {unknown}
 c - 4 potions of haste {unknown}
 f - 3 potions of curing {unknown}
 i - 2 potions of ambrosia {unknown}
 k - 2 potions of mutation
 q - a potion of invisibility {unknown}
 r - 3 potions of heal wounds {unknown}
 u - 3 potions of might {unknown}
 z - a potion of magic {unknown}


   Skills:
 + Level 4.8 Fighting
 + Level 2.9(5.4) Axes
 + Level 7.8(8.2) Maces & Flails
 + Level 5.0 Dodging


You had 7 spell levels left.
You didn't know any spells.
Your spell library contained the following spells:

 Spells                   Type           Power      Damage    Failure   Level
 Magic Dart               Conj           0%         1d3       52%         1
 Blink                    Tloc           0%         N/A       67%         2
 Call Imp                 Summ           0%         N/A       67%         2
 Ensorcelled Hibernation  Hex/Ice        0%         N/A       67%         2
 Mephitic Cloud           Conj/Pois/Air  0%         N/A       88%         3
 Spider Form              Tmut/Pois      0%         N/A       88%         3
 Anguish                  Hex/Necr       0%         N/A       99%         4
 Manifold Assault         Tloc           0%         N/A       99%         4
 Fireball                 Conj/Fire      0%         3d3       100%        5
 Iskenderun's Battlesphe  Conj           0%         2d6       100%        5
 Conjure Ball Lightning   Conj/Air       0%         3x3d6     100%        6
 Orb of Destruction       Conj           0%         9d5       100%        7
 Storm Form               Tmut/Air       0%         N/A       100%        7


Dungeon Overview and Level Annotations

Branches:
Dungeon (6/15)             Temple (1/1) D:4           Sewer (visited)

Altars:
Ashenzari
Cheibriados
Dithmenos
Fedhas
Gozag
Hepliaklqana
Kikubaaqudgha
Makhleb
Nemelex Xobeh
Okawaru
Qazlal
Trog
Uskayaw
Vehumet
Wu Jian
Xom
Yredelemnul
The Shining One

Shops:
D:1 (=?   D:5 *


Innate Abilities, Weirdness & Mutations

You are too large for most types of armour.
You have claws for hands.
Your natural rate of healing is unusually fast.
You are covered in fur. (AC +1)
You have tough skin. (AC +1)


Message History

a +0 halberd; a gnoll corpse
There is a stone staircase leading up here.
There is a stone staircase leading up here.
You open the door.
A wight comes into view.
It is wielding a +5 long sword. 3 wights come into view.
Found 5 gold pieces.
There is an open door here.
You slice the wight!!
You destroy the wight!
Trog accepts your kill.
A wight comes into view. It is wielding a +0 scimitar.
You hit the wight.
The wight is moderately damaged.
The wight hits you with a +0 hand axe.
You feel drained. The wight hits you but does no damage.
You slice the wight!!
You destroy the wight!
Trog accepts your kill.
Your life force feels restored.
You slice the wight!!
You destroy the wight!
Trog accepts your kill. The wight closely misses you.
The wight hits you from afar with a +3 halberd!
The wight barely misses you.
Your Dodging skill increases to level 5!
You hit the wight but do no damage. The wight hits you with a +0 scimitar.
You feel drained. The wight barely misses you.
The wight hits you with a +0 scimitar.
The wight hits you from afar with a +3 halberd!
You hit the wight.
The wight is lightly damaged.
The wight hits you with a +0 scimitar!
The wight hits you from afar with a +3 halberd!
* * * LOW HITPOINT WARNING * * *
You feel drained.
* * * LOW HITPOINT WARNING * * *
The wight hits you with a +0 scimitar!
You die...

.........
.........
.........
#........ ..##
#......# ...
#......###...
#####...........
#.@......###..#
#z###....##..#
..z ##...##..#
#... +..#....##
#..$
#####..#.### ##
#+#.
###.###..###. #.
+...# ##.....
### #### #####
#..... #.+ +.#
##.....


You could see 2 wights.

Vanquished Creatures
  Sigmund (D:5)
  A water moccasin (Sewer)
  An ice beast (D:6)
  An orc warrior (D:5)
  A sky beast (D:6)
  3 phantoms (D:5)
  A gnoll sergeant (D:5)
  3 wights (D:6)
  A hound (D:5)
  A jelly (D:6)
  6 orc priests
  2 sleepcaps (D:6)
  An iguana (D:5)
  7 orc wizards
  Robin (D:2)
  9 adders
  11 gnolls
  A river rat (D:3)
  2 ufetubi
  2 worms (D:3)
  3 dart slugs
  14 orcs
  5 bats
  5 endoplasms
  7 giant cockroaches
  10 goblins
  9 hobgoblins
  4 jackals (D:5)
  4 quokkas
  11 ball pythons
  4 frilled lizards (D:1)
  10 kobolds
  7 rats
149 creatures vanquished.

Notes
Turn   | Place    | Note
-------+----------+-------------------------------------------
     0 | D:1      | monsoonserge the Troll Berserker began the quest for the
                  | Orb.
     0 | D:1      | Reached XP level 1. HP: 22/22 MP: 0/0
   195 | D:1      | Reached XP level 2. HP: 29/29 MP: 1/1
   262 | D:1      | Reached skill level 3 in Maces & Flails
   343 | D:1      | Found Gablabra's Magic Scroll Emporium.
   354 | D:1      | Reached ** piety under Trog
   361 | D:1      | Found Febuygek's Weapon Shoppe.
   568 | D:1      | Found Bymaschu's Jewellery Shoppe.
   783 | D:1      | Bought a scroll of teleportation for 33 gold pieces
   799 | D:2      | Noticed Robin
   806 | D:2      | Reached XP level 3. HP: 34/36 MP: 2/2
   812 | D:2      | Killed Robin
   968 | D:2      | Reached XP level 4. HP: 44/44 MP: 3/3
  1052 | D:2      | Reached skill level 4 in Maces & Flails
  1062 | D:2      | Reached XP level 5. HP: 51/53 MP: 4/4
  1613 | D:3      | Reached *** piety under Trog
  1621 | D:3      | Found a hide-covered altar of Uskayaw.
  1717 | D:3      | Found a glowing drain.
  1779 | Sewer    | Entered a sewer
  1820 | Sewer    | Noticed a water moccasin
  1828 | Sewer    | Killed a water moccasin
  1829 | Sewer    | Reached skill level 5 in Maces & Flails
  1829 | Sewer    | Reached XP level 6. HP: 41/61 MP: 5/5
  2704 | D:4      | Reached XP level 7. HP: 26/68 MP: 6/6
  2872 | D:4      | Reached **** piety under Trog
  3032 | D:4      | Found a staircase to the Ecumenical Temple.
  3041 | Temple   | Entered the Ecumenical Temple
  3525 | D:5      | Entered Level 5 of the Dungeon
  3620 | D:5      | Reached skill level 6 in Maces & Flails
  3631 | D:5      | HP: 1/68 [orc priest/divine providence (9)]
  3745 | D:5      | Reached skill level 7 in Maces & Flails
  3749 | D:5      | Reached XP level 8. HP: 35/78 MP: 7/7
  3863 | D:5      | Noticed Sigmund
  3867 | D:5      | Found a faded altar of an unknown god.
  3871 | D:5      | Killed Sigmund
  3879 | D:5      | Found a hazy altar of Hepliaklqana.
  4034 | D:5      | Found Koufoukh's CLEARANCE SALE!.
  4050 | D:5      | Reached skill level 1 in Axes
  4068 | D:5      | Bought a potion of mutation for 64 gold pieces
  4189 | D:1      | Bought a scroll of fear for 44 gold pieces
  4189 | D:1      | Bought a scroll of teleportation for 33 gold pieces
  4189 | D:1      | Bought a scroll of teleportation for 33 gold pieces
  4511 | D:6      | HP: 1/118 [gnoll/+0 halberd (6)]
  4723 | D:6      | Reached skill level 5 in Dodging
  4724 | D:6      | Slain by a wight

Illustrated notes

Levels and vault maps discovered:
D:1:      giann_wishing_wells, layout_basic, serial_shops, shop, shop,
          nicolae_shop_bloodbath_and_beyond
D:2:      cheibrodos_pilgrimage, layout_basic, uniq_robin
D:3:      layout_loops_ring, lemuel_doored_altar, portal_sewer_entry_c,
          grunt_ministairs_13, chequers_jeans
D:4:      layout_loops_cross, minmay_temple_entry_grid, kennysheep_donut,
          dreamdust_princess_corridor
D:5:      layout_rooms, beargit_hepliaklqana_dungeon_heroes, dk_noncrumbling_4,
          nicolae_shop_clearance
D:6:      nicolae_cairo_tiling_large, layout_layer_cave, kennysheep_little_box,
          nicolae_overflow_crystal_walls
Temple:   minmay_temple_bridge_d

Skill      XL: |  1  2  3  4  5  6  7  8 |
---------------+-------------------------+-----
Maces & Flails | 3 4 5 7 |  7.8
Fighting       | 3 4 |  4.8
Dodging        | 3 4 5 |  5.0
Axes           | 2 |  2.9

Action                     |  1- 3 |  4- 6 |  7- 9 || total
---------------------------+-------+-------+-------++-------
  Melee: Mace              |   152 |    48 |       ||   200
         Flail             |       |   112 |    96 ||   208
         War axe           |       |       |    39 ||    39
 Invoke: Berserk           |       |     2 |     2 ||     4
         Trog's Hand       |       |     1 |     1 ||     2
   Stab: Sleeping          |     1 |       |       ||     1
 Armour: Animal skin       |    55 |    48 |    59 ||   162
  Dodge: Dodged            |    93 |    98 |    89 ||   280
